Map: Turbo Cruise '84 LE

Players

NORTHAMERICA - Winner!

  • Race: Protoss Protoss
  • League: Master
  • Spawn Location: 3:00

Probe

  • Race: Protoss Protoss
  • Spawn Location: 7:00

VOD

Have the link to the VOD?

Description

Time

  • Played on: May 24, 2019, 2:06 a.m.
  • Length: 16:17
Show
View Real Time Build Order
Export as new Build Order

NORTHAMERICA Protoss - Winner!

Build Orders: Phoenix Opening, Mass Phoenix 

Get SALT Encoding   

  12  0:02  Probe  
  13  0:14  Probe  
  13  0:19  Pylon  
  14  0:26  Probe  
  15  0:35  Probe  
  15  0:39  Gateway  
  16  0:43  Probe  
  16  0:49  Assimilator  
  17  0:52  Probe  
  18  0:57  Assimilator  
  18  1:00  Probe  
  18  1:08  Probe  
  20  1:19  Probe  
  21  1:27  Cybernetics Core  
  21  1:30  Pylon  
  21  1:31  Probe  
  22  1:43  Probe  
  23  1:55  Probe  
  24  2:03  Stalker  
  24  2:05  Stargate  
  26  2:10  Probe  
  26  2:11  Pylon  
  28  2:22  Probe  
  28  2:34  Nexus  
  28  2:41  Phoenix  
  28  2:47  Probe  
  31  2:56  Robotics Facility  
  31  3:04  Phoenix  
  31  3:09  Probe  
  34  3:21  Probe  
  34  3:24  Pylon  
  34  3:26  Phoenix  
  35  3:33  Probe  
  38  3:35  Assimilator  
  38  3:40  Stargate  
  38  3:44  Pylon  
  38  3:45  Probe x2  
  40  3:52  Phoenix  
  40  3:57  Probe  
  40  3:58  Probe  
  44  4:09  Probe  
  45  4:10  Probe, Shield Battery  
  46  4:20  Phoenix  
  46  4:21  Probe, Phoenix  
  46  4:22  Probe  
  52  4:33  Probe  
  52  4:34  Probe  
  54  4:41  Phoenix  
  53  4:46  Probe x2  
  53  4:47  Phoenix  
  59  4:58  Probe x2, Robotics Facility  
  61  5:02  Pylon  
  61  5:10  Probe, Shield Battery  
  62  5:15  Probe  
  62  5:16  Void Ray  
  62  5:18  Assimilator  
  63  5:28  Void Ray  
  71  5:36  Pylon  
  71  5:39  Probe  
  72  5:47  Immortal  
  74  5:53  Probe  
  75  5:58  Pylon, Forge  
  75  6:01  Probe  
  76  6:05  Void Ray  
  80  6:12  Void Ray  
  82  6:24  Immortal  
  80  6:43  Probe  
  81  6:48  Void Ray  
  85  6:54  Robotics Bay  
  85  6:57  Nexus  
  85  6:58  Observer  
  85  7:00  Pylon  
  85  7:08  Photon Cannon  
  85  7:12  Probe  
  85  7:15  Immortal  
  85  7:18  Pylon  
  85  7:19  Pylon  
  85  7:20  Void Ray  
  93  7:28  Probe  
  93  7:29  Void Ray  
  94  7:30  Pylon  
  94  7:35  Pylon  
  98  7:46  Disruptor  
  95  7:53  Probe  
  99  8:03  Nexus  
  99  8:06  Pylon  
  99  8:08  Photon Cannon  
  99  8:09  Void Ray  
  99  8:11  Disruptor  
  103  8:16  Protoss Air Weapons Level 1  
  103  8:17  Probe  
  107  8:28  Photon Cannon  
  107  8:30  Photon Cannon x2  
  107  8:38  Disruptor  
  107  8:40  Shield Battery  
  107  8:41  Shield Battery  
  107  8:42  Pylon  
  107  8:46  Probe  
  107  8:48  Probe  
  112  8:58  Probe  
  106  9:09  Probe  
  105  9:13  Probe  
  103  9:17  Probe  
  103  9:21  Probe  
  103  9:22  Probe  
  105  9:27  Disruptor  
  105  9:30  Probe x2  
  105  9:31  Probe  
  112  9:42  Probe  
  112  9:44  Void Ray  
  112  9:45  Probe  
  117  9:49  Probe  
  119  9:54  Probe  
  119  9:56  Void Ray  
  119  9:59  Probe  
  125  10:01  Probe  
  125  10:02  Disruptor  
  129  10:08  Assimilator  
  129  10:11  Assimilator  
  129  10:13  Pylon  
  129  10:26  Void Ray  
  133  10:35  Photon Cannon  
  133  10:36  Photon Cannon, Shield Battery  
  133  10:37  Disruptor  
  133  10:38  Pylon  
  136  10:47  Photon Cannon  
  135  10:54  Void Ray  
  129  11:03  Void Ray  
  128  11:08  Disruptor  
  132  11:15  Forge  
  135  11:22  Probe  
  135  11:24  Probe x2  
  138  11:29  Void Ray  
  138  11:34  Probe  
  138  11:36  Probe x2  
  145  11:42  Fleet Beacon  
  145  11:46  Probe  
  145  11:58  Disruptor  
  144  12:16  Photon Cannon  
  144  12:17  Shield Battery  
  144  12:20  Photon Cannon  
  144  12:21  Photon Cannon  
  144  12:23  Photon Cannon  
  144  12:36  Mothership  
  144  12:40  Photon Cannon  
  142  12:45  Photon Cannon  
  142  12:46  Shield Battery  
  142  12:55  Shield Battery  
  142  12:56  Shield Battery  
  150  13:00  Probe x2  
  150  13:05  Disruptor  
  152  13:12  Probe  
  153  13:15  Probe  
  157  13:24  Probe  
  158  13:27  Probe  
  159  13:37  Photon Cannon  
  159  13:38  Photon Cannon  
  157  13:41  Pylon  
  157  13:59  Disruptor  
  148  14:06  Void Ray  
  138  14:23  Void Ray  
  142  14:26  Probe  
  142  14:27  Disruptor  
  143  14:31  Photon Cannon  
  143  14:33  Photon Cannon  
  143  14:37  Photon Cannon  
  141  14:52  Photon Cannon  
  141  14:53  Photon Cannon  
  141  14:55  Shield Battery  
  141  15:01  Observer, Void Ray  
  146  15:12  Disruptor  
  146  15:22  Nexus  
  146  15:23  Pylon  
  149  15:28  Void Ray  
  153  15:45  Photon Cannon  
  156  16:01  Nexus  
  147  16:04  Pylon  
Show
View Real Time Build Order
Export as new Build Order

Probe Protoss 

Build Orders: Blink Stalkers 

Get SALT Encoding   

  12  0:01  Probe  
  13  0:13  Probe  
  14  0:20  Pylon  
  14  0:25  Probe  
  15  0:34  Probe  
  15  0:39  Gateway  
  15  0:42  Probe  
  16  0:47  Assimilator  
  17  0:52  Probe  
  17  0:56  Assimilator  
  18  1:00  Probe  
  18  1:08  Probe  
  19  1:12  Gateway  
  20  1:19  Probe  
  21  1:27  Cybernetics Core  
  21  1:31  Probe  
  22  1:36  Pylon  
  22  1:43  Probe  
  23  1:55  Probe  
  24  2:04  Sentry, Stalker, Warp Gate  
  24  2:07  Probe  
  29  2:15  Pylon  
  29  2:19  Probe  
  30  2:31  Probe  
  30  2:33  Stalker  
  30  2:34  Stalker  
  34  2:44  Twilight Council  
  34  2:50  Probe  
  35  2:52  Blink  
  35  3:07  Nexus  
  35  3:15  Shield Battery  
  35  3:32  Probe  
  36  3:38  Pylon  
  36  3:52  Stalker  
  36  3:54  Probe  
  39  3:57  Stalker, Robotics Facility  
  41  4:06  Probe  
  42  4:13  Phoenix  
  42  4:15  Probe  
  42  4:16  Stalker  
  44  4:18  Probe  
  44  4:23  Probe  
  46  4:25  Stalker  
  46  4:30  Probe  
  50  4:33  Probe  
  51  4:42  Probe  
  51  4:44  Observer  
  53  4:46  Probe  
  53  4:49  Stalker  
  53  4:51  Stalker  
  58  4:55  Probe  
  58  4:56  Pylon  
  58  4:58  Probe  
  61  5:07  Probe  
  61  5:10  Gateway, Probe  
  62  5:14  Assimilator  
  62  5:18  Stalker  
  62  5:19  Probe  
  62  5:20  Stalker  
  67  5:22  Probe  
  67  5:26  Pylon  
  68  5:28  Pylon  
  68  5:39  Probe  
  69  5:46  Stalker x2  
  69  5:47  Probe  
  74  5:52  Pylon  
  74  6:08  Nexus  
  74  6:09  Stalker x3  
  80  6:14  Pylon  
  76  6:35  Stalker x3  
  76  6:36  Probe x2  
  84  6:40  Pylon, Charge  
  84  6:46  Gateway  
  83  6:50  Gateway  
  83  6:56  Forge  
  83  7:00  Gateway  
  83  7:01  Sentry  
  85  7:02  Gateway  
  85  7:03  Probe x2  
  87  7:20  Gateway  
  87  7:22  Warp Prism  
  89  7:26  Protoss Ground Weapons Level 1  
  89  7:29  Zealot x3  
  95  7:33  Probe x3  
  98  7:44  Zealot x2  
  90  7:53  Observer  
  88  7:58  Templar Archives, Zealot  
  88  7:59  Zealot x3  
  88  8:05  Probe x3  
  98  8:09  Zealot  
  101  8:16  Psionic Storm  
  101  8:17  Probe  
  101  8:19  Zealot x4  
  110  8:25  Pylon  
  110  8:26  Pylon  
  110  8:28  Pylon  
  110  8:37  High Templar x3  
  110  8:39  Assimilator  
  116  8:45  High Templar  
  108  9:04  High Templar  
  108  9:05  Zealot x3  
  104  9:10  Warp Prism  
  102  9:17  Probe  
  102  9:18  Probe x2  
  102  9:19  Assimilator x2  
  102  9:21  Zealot x4  
  113  9:27  Protoss Ground Weapons Level 2  
  113  9:29  Zealot x3  
  119  9:32  Pylon x2  
  119  9:33  Pylon  
  119  9:37  Probe x3  
  122  9:44  Sentry  
  122  9:45  Observer, Zealot x2  
  128  9:49  Probe  
  130  9:58  Probe  
  131  10:05  Stalker x6  
  143  10:10  Pylon  
  143  10:18  Stalker  
  143  10:19  Stalker  
  141  10:39  Zealot x6  
  122  11:03  Stalker x6  
  122  11:04  Stalker x2  
  117  11:27  Zealot, Nexus  
  117  11:28  High Templar, Zealot x4  
  129  11:35  Forge  
  113  12:03  Zealot x8  
  117  12:10  Protoss Shields Level 1  
  105  12:15  Protoss Ground Weapons Level 3  
  105  12:16  Probe x3  
  108  12:24  Probe x3  
  108  12:27  High Templar x3  
  108  12:28  High Templar x3  
  123  12:30  High Templar x2  
  123  12:32  Probe x2  
  123  12:34  Archon x2  
  123  12:35  Archon x2  
  129  12:45  Warp Prism  
  129  12:50  Probe x4  
  135  13:01  Zealot x3  
  135  13:02  Probe x3  
  135  13:03  Probe  
  145  13:09  High Templar  
  145  13:10  High Templar x4  
  155  13:14  Probe x2  
  155  13:15  Probe  
  155  13:16  Archon x2  
  152  13:31  High Templar x2  
  152  13:32  High Templar  
  148  13:48  Archon  
  146  13:50  Zealot x3  
  96  14:17  Zealot x4  
  96  14:23  Stalker x2  
  96  14:24  Stalker x5  
  98  14:36  Warp Prism  
  100  14:44  Assimilator  
  100  14:45  Assimilator  
  100  14:48  Zealot x8  
  116  14:57  Nexus  
  116  15:07  Pylon  
  116  15:08  Nexus  
  116  15:12  Pylon  
  116  15:15  High Templar  
  116  15:16  High Templar, Zealot  
  116  15:17  Zealot x4  
  130  15:22  Archon  
  130  15:23  Observer  
  109  15:39  Observer  
  106  15:55  Zealot x8  
Tags
 
Add a new tag
Caveats
  • Supply blocks, unpowered buildings, or Contaminate may cause inaccurate times.
  • Supply counts are checked every 10 seconds.